AoeStats
← TERRES300

Arabia

510440080Analyzed
2v2 RM · 16h ago on Oct 1, 2026· 42m 13s· 4 players
Game mode
Random Map
Map size
Medium (4 player)
Population
200
Speed
Normal
Resources
Standard
Victory
Conquest
Starting age
Dark Age
Ending age
Imperial Age
RankedLock teamsTeams togetherTeam positionsShared explorationLock speedFull tech treeHidden civsTurbo modeCheats
Victory
Defeat
🇲🇽 Ethiopians · Mexico
1206
+41
🇲🇽 Lithuanians · Mexico
1153
+18
🇦🇷 Malians · Argentina
1221
-18
🇦🇷 Huns · Argentina
1211
-17
Garcia Luna
6:14 Loom
8:55 Feudal Age
9:21 Double-Bit Axe
15:26 Fletching
17:49 Padded Archer Armor
23:09 Castle Age
21:13 Gold Mining
23:48 Bodkin Arrow
23:15 Crossbowman
24:26 Thumb Ring
25:13 Wheelbarrow
29:33 Town Watch
30:28 Ballistics
33:43 Leather Archer Armor
35:24 Hand Cart
38:09 Gold Shaft Mining
37:45 Bow Saw
37:18 Horse Collar
40:34 Imperial Age
38:53 Heavy Plow
40:35 Arbalester
41:17 Bracer
42:20 Chemistry
43:00 Ring Archer Armor
42:38 Siege Engineers
42:36 Torsion Engines
42:57 Conscription
TERRES300
6:45 Loom
9:15 Feudal Age
10:09 Double-Bit Axe
12:09 Horse Collar
23:23 Castle Age
22:23 Bloodlines
22:07 Gold Mining
22:47 Scale Barding Armor
22:55 Forging
24:11 Husbandry
25:18 Iron Casting
26:47 Chain Barding Armor
28:11 Fervor
27:55 Pikeman
29:30 Squires
29:47 Scale Mail Armor
33:52 Stone Mining
38:13 Wheelbarrow
39:10 Hand Cart
42:44 Imperial Age
41:22 Stone Shaft Mining
El batis
5:04 Loom
9:49 Feudal Age
11:02 Double-Bit Axe
21:29 Castle Age
21:00 Horse Collar
21:50 Elite Skirmisher
28:52 Forging
32:06 Scale Barding Armor
32:37 Iron Casting
34:36 Husbandry
34:46 Bloodlines
37:35 Bloodlines
39:13 Chain Barding Armor
40:11 Wheelbarrow
39:21 Town Watch
41:48 Heavy Plow
41:48 Town Watch
215
7:25 Loom
9:37 Feudal Age
10:35 Double-Bit Axe
10:32 Horse Collar
18:01 Castle Age
18:21 Stone Mining
19:45 Gold Mining
20:50 Heavy Plow
21:10 Bow Saw
24:21 Marauders
26:48 Scale Barding Armor
29:46 Chain Barding Armor
31:53 Husbandry
32:31 Bloodlines
34:00 Wheelbarrow
33:11 Town Watch
36:12 Forging
35:31 Pikeman
36:11 Squires
38:50 Imperial Age
37:47 Iron Casting
37:13 Scale Mail Armor
38:55 Halberdier
42:18 Plate Barding Armor
42:44 Blast Furnace
Connection lost

Rejoining the realm…

Still unreachable

The connection could not be restored.

Session expired

The server has moved on; the page needs a fresh start.